 Dungeon Crawl Stone Soup version 0.31-a0-370-g25055926c8 (webtiles) character file.

Game seed: 8403324550262456949

4780 Ajdolov the Cleaver (level 10, -2/142 HPs)
             Began as a Minotaur Berserker on July 29, 2023.
             Was a High Priest of Trog.
             Slain by a skeletal warrior
             ... wielding a +0 trident
              (8 damage)
             ... on level 9 of the Dungeon.
             The game lasted 00:11:37 (7833 turns).

Ajdolov the Cleaver (Minotaur Berserker)            Turns: 7833, Time: 00:11:38

Health: -2/142     AC: 16    Str: 26    XL:     10   Next: 23%
Magic:  9/9        EV:  7    Int:  4    God:    Trog [*****.]
Gold:   322        SH:  0    Dex: 10    Spells: 9/9 levels left

rFire   . . .        n - +0 war axe
rCold   . . .        (no shield)
rNeg    . . .        I - +0 plate armour
rPois   .            (helmet restricted)
rElec   .            a - +0 cloak
rCorr   .            v - +0 pair of gloves
SInv    .            z - +2 pair of boots {Fly}
Will    .....        p - amulet of regeneration Stlth
                     (no ring)
HPRegen 1.23/turn    (no ring)
MPRegen 0.11/turn

%: no passive effects
@: berserking (expiring), flying, very quick
A: horns 2, retaliatory headbutt
a: Renounce Religion, Berserk, Trog's Hand, Brothers in Arms


You were on level 9 of the Dungeon.
You worshipped Trog.
Trog was extremely pleased with you.
You visited 2 branches of the dungeon, and saw 10 of its levels.

You collected 504 gold pieces.
You spent 182 gold pieces at shops.

Inventory:

Hand Weapons
 n - a +0 war axe (weapon)
 t - a +0 hand axe of flaming
Missiles
 d - 27 poisoned darts
 m - 6 atropa-tipped darts
 r - 5 javelins
 E - a throwing net
Armour
 a - a +0 cloak (worn)
 v - a +0 pair of gloves (worn)
 z - a +2 pair of boots of flying (worn)
 I - a +0 plate armour (worn)
Jewellery
 h - an amulet of faith
 p - an amulet of regeneration (around neck)
Wands
 u - a wand of flame (22)
 A - a wand of paralysis (4)
Scrolls
 b - 4 scrolls of teleportation
 c - 2 scrolls of immolation
 f - 3 scrolls of butterflies
 l - a scroll of amnesia {unknown}
 o - a scroll of enchant weapon {unknown}
 s - a scroll of acquirement {unknown}
 w - a scroll of noise {unknown}
 x - a scroll of torment {unknown}
 D - a scroll of enchant armour
 G - a scroll of blinking {unknown}
Potions
 g - a potion of mutation
 i - 4 potions of heal wounds
 j - 4 potions of degeneration
 k - 2 potions of berserk rage
 q - 4 potions of curing
 B - a potion of enlightenment
 C - a potion of lignification
 F - a potion of resistance
 H - a potion of attraction {unknown}
Miscellaneous
 y - a lightning rod (4/4)


   Skills:
 + Level 11.1 Fighting
 * Level 14.8 Axes
 - Level 2.4 Armour
 - Level 2.1 Dodging


You had 9 spell levels left.
You didn't know any spells.
Your spell library was empty.

Dungeon Overview and Level Annotations

Branches:
Dungeon (9/15)             Temple (1/1) D:6
   Lair: D:8-11         Orc: D:9-12

Altars:
Ashenzari
Cheibriados
Dithmenos
Elyvilon
Fedhas
Gozag
Hepliaklqana
Kikubaaqudgha
Makhleb
Nemelex Xobeh
Okawaru
Qazlal
Ru
Sif Muna
Trog
Uskayaw
Vehumet
Wu Jian
Xom
Yredelemnul
Zin
The Shining One

Shops:
D:8 !

Portals:
Abyss: D:6

Annotations:
D:6 2 transporters, Beaer's ghost, novice DsFi


Innate Abilities, Weirdness & Mutations

You have a pair of horns on your head.
You reflexively headbutt those who attack you in melee.


Message History

You slash the skeletal warrior! You headbutt the skeletal warrior!
The skeletal warrior is heavily damaged.
You hit the skeletal warrior. You closely miss the skeletal warrior.
The skeletal warrior is heavily damaged.
You slash the skeletal warrior!
The skeletal warrior hits you from afar with a +0 trident!
The skeletal warrior hits you but does no damage.
The skeletal warrior hits you with a +0 flail!
You are too injured to fight recklessly!
You are too injured to fight recklessly!
Unknown command.
You are too injured to fight recklessly!
You are too injured to fight recklessly!
You are too injured to fight recklessly!
Unknown command.
You are too injured to fight recklessly!
You slash the skeletal warrior!
The skeletal warrior is almost destroyed.
You closely miss the skeletal warrior. You barely miss the skeletal warrior.
The skeletal warrior is almost destroyed.
You hit the skeletal warrior.
The skeletal warrior hits you from afar with a +0 trident.
The skeletal warrior hits you with a +0 flail.
The skeletal warrior hits you with a +0 trident!
* * * LOW HITPOINT WARNING * * *
You slash the skeletal warrior!
The skeletal warrior is almost destroyed.
You completely miss the skeletal warrior.
You closely miss the skeletal warrior.
Your headbutt misses the skeletal warrior.
The skeletal warrior is almost destroyed.
You hit the skeletal warrior but do no damage.
The skeletal warrior hits you with a +0 flail!!
* * * LOW HITPOINT WARNING * * *
The skeletal warrior hits you from afar with a +0 trident!
* * * LOW HITPOINT WARNING * * *
The skeletal warrior hits you with a +0 trident!
You die...

#.[.'.#####..# #.#...
#...#.#...#..# #.#...
...#####.#...#..# #.####
.........#...#..#####.....
######...#...#............
#...#...#............
#...#z..#............
#...#z..#............
#..)@zz.#............
#...#####.....#######
#.... ........# # ......
........# #
.................# #
.................# #
....#####........#######
.... .............).
...............


You could see 4 skeletal warriors.

Vanquished Creatures
  A skeletal warrior (D:9)
  Sigmund (D:2)
  Menkaure (D:7)
  A water moccasin (D:7)
  2 ice beasts (D:7)
  2 black bears
  3 orc warriors
  A sky beast (D:6)
  2 ogres
  4 centaurs
  A bullfrog (D:7)
  3 kobold brigands
  4 scorpions
  2 gnoll sergeants
  16 killer bees
  6 howler monkeys
  2 hounds
  3 gnoll boudas
  4 orc priests
  2 iguanas
  11 orc wizards
  4 sleepcaps
  Robin (D:2)
  19 gnolls
  5 adders
  A shadow imp (D:7)
  A white imp (D:7)
  An ufetubus (D:5)
  A worm (D:2)
  3 dart slugs
  34 orcs
  5 endoplasms
  2 giant cockroaches
  16 goblins
  8 hobgoblins
  8 jackals
  A quokka (D:1)
  9 ball pythons
  8 bats (D:1)
  5 frilled lizards
  12 kobolds
  5 rats
221 creatures vanquished.

Notes
Turn   | Place    | Note
-------+----------+-------------------------------------------
     0 | D:1      | Ajdolov the Minotaur Berserker began the quest for the Orb.
     0 | D:1      | Reached XP level 1. HP: 19/19 MP: 0/0
   171 | D:1      | Reached skill level 4 in Axes
   177 | D:1      | Reached XP level 2. HP: 16/27 MP: 1/1
   393 | D:1      | Reached XP level 3. HP: 11/33 MP: 2/2
   504 | D:1      | Reached ** piety under Trog
   587 | D:1      | Reached skill level 5 in Axes
  1051 | D:2      | Reached XP level 4. HP: 39/41 MP: 3/3
  1159 | D:2      | Noticed Robin
  1164 | D:2      | Killed Robin
  1688 | D:2      | Noticed Sigmund
  1703 | D:2      | Killed Sigmund
  1704 | D:2      | Reached skill level 5 in Fighting
  1704 | D:2      | Reached skill level 7 in Axes
  1704 | D:2      | Reached XP level 5. HP: 45/48 MP: 4/4
  1704 | D:2      | Reached XP level 6. HP: 52/56 MP: 5/5
  2475 | D:3      | Found a radiant altar of Vehumet.
  2846 | D:4      | Reached *** piety under Trog
  3532 | D:5      | Entered Level 5 of the Dungeon
  3539 | D:5      | Reached skill level 8 in Axes
  3539 | D:5      | Reached XP level 7. HP: 63/63 MP: 6/6
  3605 | D:5      | Found a snail-covered altar of Cheibriados.
  3647 | D:5      | Found a sacrificial altar of Ru.
  3726 | D:5      | Found an iron altar of Okawaru.
  3802 | D:5      | Reached skill level 9 in Axes
  3895 | D:5      | Reached XP level 8. HP: 72/73 MP: 7/7
  3998 | D:5      | Reached skill level 10 in Axes
  4289 | D:6      | Found a transporter.
  4404 | D:6      | Found a one-way gate to the infinite horrors of the Abyss.
  4404 | D:6      | Noticed a hellwing
  4441 | D:6      | Identified the +0 leather armour of Protective Custody
                  | {*Corrode Str+8 Int+3}
  4504 | D:6      | Found a staircase to the Ecumenical Temple.
  4510 | Temple   | Entered the Ecumenical Temple
  4678 | D:6      | Noticed a small abomination
  4695 | D:6      | Found a transporter.
  4708 | D:6      | Noticed Beaer's ghost (novice DsFi)
  4778 | D:6      | Reached skill level 11 in Axes
  5210 | D:7      | Found a transporter.
  5211 | D:7      | Found a transporter.
  5217 | D:7      | Reached XP level 9. HP: 83/83 MP: 8/8
  5272 | D:6      | Noticed a toenail golem
  5313 | D:7      | Reached skill level 12 in Axes
  5475 | D:7      | Noticed Menkaure
  5595 | D:7      | Found an opulent altar of Gozag.
  6212 | D:7      | Killed Menkaure
  6216 | D:7      | Reached **** piety under Trog
  6235 | D:7      | Reached skill level 13 in Axes
  6434 | D:8      | Found a stormy altar of Qazlal.
  6446 | D:8      | Found a blossoming altar of Fedhas.
  6447 | D:8      | Found Pisuras's Distillery.
  6456 | D:8      | Bought a potion of curing for 39 gold pieces
  6456 | D:8      | Bought a potion of heal wounds for 65 gold pieces
  6456 | D:8      | Bought a potion of curing for 39 gold pieces
  6456 | D:8      | Bought a potion of curing for 39 gold pieces
  6612 | D:8      | Reached skill level 10 in Fighting
  7068 | D:8      | Reached skill level 14 in Axes
  7352 | D:8      | Found an ornate altar of the Wu Jian Council.
  7492 | D:9      | Reached XP level 10. HP: 82/94 MP: 9/9
  7701 | D:9      | Reached ***** piety under Trog
  7816 | D:9      | Noticed a skeletal warrior
  7818 | D:9      | Noticed a skeletal warrior
  7821 | D:9      | Noticed a skeletal warrior
  7822 | D:9      | Killed a skeletal warrior
  7823 | D:9      | Noticed a skeletal warrior
  7823 | D:9      | Noticed a skeletal warrior
  7833 | D:9      | HP: 6/142 [skeletal warrior/+0 trident (11)]
  7833 | D:9      | Slain by a skeletal warrior

Illustrated notes

Levels and vault maps discovered:
D:1:      dpeg_arrival_water_fire, layout_basic, nicolae_grassy_gnolls
D:2:      layout_basic, kennysheep_generic_room_7, uniq_sigmund, uniq_robin
D:3:      layout_loops_ring, general_overflow_altar
D:4:      layout_gridville
D:5:      layout_loops_ring, chequers_temple_overflow_statue_of_worship,
          okawaru_gym_becter
D:6:      layout_loops_cross, temple_green, gammafunk_ghost_abyssal_escape,
          chequers_serial_rivers_large_a
D:7:      gammafunk_beogh_shrine, layout_layer_cave,
          nicolae_gozag_cash_rules_everything_around_me, lemuel_flame_loot_1,
          uniq_menkaure
D:8:      layout_layer_cave, grunt_temple_overflow_forces_of_nature,
          nicolae_wu_jian_immortal_techniques, serial_shops, shop_statue
D:9:      layout_irregular_city
Temple:   minmay_temple_curvy_branch

Skill      XL: |  1  2  3  4  5  6  7  8  9 10 |
---------------+-------------------------------+-----
Axes           | 4 5 7 8 9 11 14 | 14.8
Fighting       | 4 5 6 7 9 10 11 | 11.1
Armour         | |  2.4
Dodging        | |  2.1

Action                     |  1- 3 |  4- 6 |  7- 9 | 10-12 || total
---------------------------+-------+-------+-------+-------++-------
  Melee: Hand axe          |    93 |    43 |       |       ||   136
         Headbutt          |     7 |    11 |    41 |     6 ||    65
         War axe           |       |    59 |   262 |    40 ||   361
         Punch             |       |     1 |     7 |       ||     8
 Invoke: Berserk           |     2 |     3 |     6 |     1 ||    12
         Trog's Hand       |       |     1 |     2 |       ||     3
    Use: Scroll            |       |       |    11 |     2 ||    13
 Armour: Animal skin       |    15 |       |       |       ||    15
         Scale mail        |    17 |    33 |   119 |     4 ||   173
         Plate armour      |       |       |       |     7 ||     7
  Dodge: Dodged            |    80 |    61 |   163 |    12 ||   316

Table legend: (Time is in decaauts)
 A = Elapsed time spent in this place.
 B = Non-inter-level travel time spent in this place.
 C = Inter-level travel time spent in this place.
 D = Time resting spent in this place.
 E = Time spent auto-exploring this place.
 F = Levels seen in this place.
 G = Mean time per level.
                   A        B        C        D        E       F      G
               +--------+--------+--------+--------+--------+-----+--------+
         Total |   7932 |   7644 |    288 |    143 |   6157 |  10 |  793.2 |
       Dungeon |   7930 |   7642 |    288 |    143 |   6157 |   9 |  881.1 |
        Temple |      1 |      1 |      0 |      0 |      0 |   1 |    1.0 |
               +--------+--------+--------+--------+--------+-----+--------+

Top non-repeatable levels by time:
     D:7: 1177 daAuts
     D:8: 1103 daAuts
     D:1: 973 daAuts
     D:4: 930 daAuts
     D:2: 902 daAuts
     D:6: 874 daAuts
     D:3: 781 daAuts
     D:5: 768 daAuts
     D:9: 418 daAuts
  Temple: 1 daAuts
